AoeStats
← Ancrypto

Arabia

509926743Analyzed
2v2 RM · 5d ago on Sep 28, 2026· 21m 36s· 4 players
Game mode
Random Map
Map size
Medium (4 player)
Population
200
Speed
Normal
Resources
Standard
Victory
Conquest
Starting age
Dark Age
Ending age
Imperial Age
RankedLock teamsTeams togetherTeam positionsShared explorationLock speedFull tech treeHidden civsTurbo modeCheats
Victory
Defeat
🇦🇷 Cumans · Argentina
994
+14
🇦🇷 Mongols · Argentina
986
+14
🇳🇱 Portuguese · Netherlands
949
-41
🇳🇱 Spanish · Netherlands
949
-41
Licrovan
11:56 Feudal Age
13:53 Double-Bit Axe
Ancrypto
14:05 Feudal Age
19:21 Man-at-Arms
Renaline
7:17 Loom
10:12 Feudal Age
10:58 Double-Bit Axe
10:36 Man-at-Arms
12:56 Fletching
19:04 Town Watch
22:12 Castle Age
21:12 Padded Archer Armor
Hoshigaki kisame
2:54 Loom
9:57 Feudal Age
10:40 Town Watch
10:43 Double-Bit Axe
10:40 Horse Collar
16:40 Bloodlines
19:14 Scale Barding Armor
20:52 Forging
20:47 Gold Mining
Connection lost

Rejoining the realm…

Still unreachable

The connection could not be restored.

Session expired

The server has moved on; the page needs a fresh start.